[Event "*** Titled Tuesday Blitz"]
[Site "Chess.com"]
[Date "2020.03.03"]
[Round "1"]
[White "silverback96"]
[Black "csati17"]
[Result "0-1"]
[WhiteElo "1894"]
[BlackElo "2562"]
[TimeControl "180+1"]
[EndTime "9:02:08 PST"]
[Termination "csati17 won by resignation"]

1. d4 Nf6 2. c4 e6 3. g3 Bb4+ 4. Nc3 O-O 5. Bg2 d5 6. a3 Bxc3+ 7. bxc3 b6 8. cxd5 exd5 9. Nf3 Ne4 10. Qc2 Qf6 11. Nd2 Qxf2+ 12. Kd1 Qxg2 13. Nxe4 Qxh1+ 14. Kd2 Qxe4 15. Qxe4 dxe4 16. Ke3 Bb7 0-1

[Event "*** Titled Tuesday Blitz"]
[Site "Chess.com"]
[Date "2020.03.03"]
[Round "1"]
[White "Peroncio"]
[Black "TwentyHourADay"]
[Result "1-0"]
[WhiteElo "2668"]
[BlackElo "2287"]
[TimeControl "180+1"]
[EndTime "9:02:43 PST"]
[Termination "Peroncio won by resignation"]

1. Nf3 d5 2. g3 c6 3. Bg2 Bg4 4. O-O e6 5. d4 Nd7 6. Nbd2 Ngf6 7. Re1 Be7 8. e4 O-O 9. c3 Bh5 10. e5 Ne8 11. Nb3 Nc7 12. Be3 b6 13. Nc1 c5 14.
Nd3 Rc8 15. Nf4 Bg6 16. h4 Be4 17. Bh3 f5 18. exf6 Rxf6 19. Ng5 Bf5 20. Bxf5 1-0

[Event "*** Titled Tuesday Blitz"]
[Site "Chess.com"]
[Date "2020.03.03"]
[Round "1"]
[White "dusanacns"]
[Black "czasnaszachy"]
[Result "1-0"]
[WhiteElo "2684"]
[BlackElo "2300"]
[TimeControl "180+1"]
[EndTime "9:02:57 PST"]
[Termination "dusanacns won by resignation"]

1. e4 c5 2. Nf3 e6 3. g3 Nc6 4. Bg2 Qc7 5. O-O a6 6. d4 cxd4 7. Nxd4 Nxd4 8. Qxd4 Bc5 9. Qxg7 f6 10. Qxh8 Kf8 11.
Bh6+ 1-0

[Event "*** Titled Tuesday Blitz"]
[Site "Chess.com"]
[Date "2020.03.03"]
[Round "1"]
[White "ahachess"]
[Black "bgfbfbgfbgfgf"]
[Result "0-1"]
[WhiteElo "2247"]
[BlackElo "2641"]
[TimeControl "180+1"]
[EndTime "9:03:10 PST"]
[Termination "bgfbfbgfbgfgf won by resignation"]

1. d4 Nf6 2. c4 c5 3. d5 e6 4. Nc3 d6 5. g3 g6 6. Bg2 Bg7 7.
Nf3 exd5 8. cxd5 O-O 9. O-O Re8 10. a4 a6 11. Bf4 Ne4 12. Qc2 Bf5 13. Nh4 Nxc3 14.
Nxf5 Nxe2+ 15. Kh1 gxf5 16. Qxf5 Nxf4 17. Qxf4 Qf6 18.
Qg4 Qg6 19. Qb4 cxb4 0-1

[Event "*** Titled Tuesday Blitz"]
[Site "Chess.com"]
[Date "2020.03.03"]
[Round "1"]
[White "Oleksandr_Bortnyk"]
[Black "AminMolaei"]
[Result "1-0"]
[WhiteElo "2971"]
[BlackElo "2526"]
[TimeControl "180+1"]
[EndTime "9:03:17 PST"]
[Termination "Oleksandr_Bortnyk won by resignation"]

1. e4 c5 2. c3 Nf6 3. e5 Nd5 4. d4 cxd4 5. Nf3 Nc6 6. cxd4 d6 7. Bc4 Nb6 8. Bb5 dxe5 9. Nxe5 Bd7 10. Nxd7 Qxd7 11.
Nc3 e6 12. O-O Be7 13. Qg4 Bf6 14. Rd1 h5 15. Qf3 O-O-O 16. Ne4 Qd5 17. Bxc6 bxc6 18. Be3 Kb7 19. Rac1 Nc4 20. Nc5+ Ka8 21. Rxc4 1-0

[Event "*** Titled Tuesday Blitz"]
[Site "Chess.com"]
[Date "2020.03.03"]
[Round "1"]
[White "Quiet_Desperation"]
[Black "bilelou"]
[Result "0-1"]
[WhiteElo "2037"]
[BlackElo "2569"]
[TimeControl "180+1"]
[EndTime "9:03:21 PST"]
[Termination "bilelou won by resignation"]

1. e4 c5 2. Nf3 Nc6 3. d4 cxd4 4.
Nxd4 e5 5. Nb5 a6 6. N5c3 Bc5 7.
Bc4 Nge7 8. a4 O-O 9. O-O d6 10.
Bg5 Kh8 11. Nd5 f6 12. Be3 Nxd5 13. Bxc5 dxc5 14. Bxd5 Qc7 15. Bxc6 Qxc6 16. Qe2 Be6 17. Nc3 Rfd8 18. Rfd1 Rd4 19. Rd2 Rad8 20. Rad1 Qb6 21. b3 h6 22. Nd5 Bxd5 23. exd5 R8xd5 24. c4 Rxd2 25. Rxd2 Rxd2 26. Qxd2 Qxb3 0-1

[Event "*** Titled Tuesday Blitz"]
[Site "Chess.com"]
[Date "2020.03.03"]
[Round "1"]
[White "MixMasterChess"]
[Black "TST2014"]
[Result "0-1"]
[WhiteElo "2102"]
[BlackElo "2586"]
[TimeControl "180+1"]
[EndTime "9:03:23 PST"]
[Termination "TST2014 won by resignation"]

1. e4 c5 2. Nf3 Nc6 3. Bb5 g6 4. Bxc6 dxc6 5. d3 Bg7 6. h3 Nf6 7. Be3 b6 8. Nbd2 Nd7 9. d4 cxd4 10. Bxd4 e5 11. Bc3 Ba6 12. Nf1 O-O 13. Qd2 Nc5 14. Qxd8 Raxd8 15. N1d2 Rfe8 16. b3 f5 17. exf5 e4 0-1

[Event "*** Titled Tuesday Blitz"]
[Site "Chess.com"]
[Date "2020.03.03"]
[Round "1"]
[White "Noam_Vitenberg"]
[Black "JSPrepz"]
[Result "0-1"]
[WhiteElo "2387"]
[BlackElo "2739"]
[TimeControl "180+1"]
[EndTime "9:03:26 PST"]
[Termination "JSPrepz won by resignation"]

1. Nf3 c5 2. c4 g6 3. e3 Nf6 4. Nc3 Bg7 5. d4 cxd4 6. Nxd4 O-O 7. Be2 Nc6 8. O-O d5 9. cxd5 Nxd5 10. Nxc6 bxc6 11.
Bd2 Rb8 12. Rb1 Bf5 13. Rc1 Rxb2 14. Bf3 Rxd2 15. Qxd2 Nxc3 16. Qxd8 Rxd8 17. Bxc6 Ne2+ 0-1

[Event "*** Titled Tuesday Blitz"]
[Site "Chess.com"]
[Date "2020.03.03"]
[Round "1"]
[White "ronaldbrizuela"]
[Black "shanemelaughcm"]
[Result "1-0"]
[WhiteElo "2663"]
[BlackElo "2279"]
[TimeControl "180+1"]
[EndTime "9:03:55 PST"]
[Termination "ronaldbrizuela won by resignation"]

1. d4 e6 2. c4 f5 3. Nc3 Nf6 4. Bf4 Be7 5. e3 b6 6. h3 Bb7 7. Nf3 O-O 8. Be2 d6 9. Bh2 Ne4 10. O-O Nd7 11. Nxe4 Bxe4 12. Nd2 Bb7 13. Bf3 Bxf3 14.
Qxf3 Bf6 15. Rfd1 Qe7 16. b4 c5 17. bxc5 dxc5 18. Nb3 Rfd8 19. Rac1 cxd4 20. exd4 e5 21. Qxf5 exd4 22. Nxd4 Nc5 23. Nb3 Rxd1+ 24. Rxd1 Qe2 25. Qd5+ Kh8 26. Qxa8+ 1-0

[Event "*** Titled Tuesday Blitz"]
[Site "Chess.com"]
[Date "2020.03.03"]
[Round "1"]
[White "EugeneRougon"]
[Black "TBergh98"]
[Result "1-0"]
[WhiteElo "2685"]
[BlackElo "2312"]
[TimeControl "180+1"]
[EndTime "9:04:26 PST"]
[Termination "EugeneRougon won by resignation"]

1. e4 e5 2. Nf3 Nc6 3. Bb5 a6 4. Ba4 Nf6 5. O-O b5 6. Bb3 Be7 7. Re1 O-O 8. d4 d6 9. c3 Bb7 10. d5 Nb8 11. Nbd2 Nbd7 12. Nf1 h6 13. Ng3 Nh7 14. Nf5 Bg5 15. Nxg5 Nxg5 16. Qg4 Nf6 17. Qh4 Nfh7 18. Qg3 Bc8 19. h4 Bxf5 20. exf5 a5 21. hxg5 hxg5 22. a4 b4 23. cxb4 axb4 24. Bd2 Rb8 25.
a5 f6 26. a6 Rb6 27. Bc4 Qa8 28. Be3 Rbb8 29. Qf3 Rfe8 30. a7 Rb7 31. Ba6 Rb6 32. Bxb6 cxb6 33. Bb5 Rc8 34. Bc6 1-0

[Event "*** Titled Tuesday Blitz"]
[Site "Chess.com"]
[Date "2020.03.03"]
[Round "1"]
[White "NguyenHlb"]
[Black "Sven_Tica"]
[Result "0-1"]
[WhiteElo "2289"]
[BlackElo "2681"]
[TimeControl "180+1"]
[EndTime "9:04:26 PST"]
[Termination "Sven_Tica won by resignation"]

1. d4 Nf6 2. c4 e6 3. Nc3 d5 4.
cxd5 exd5 5. Bg5 c6 6. e3 h6 7. Bh4 Be6 8. Bd3 Nbd7 9. Nge2 g5 10. Bg3 Nh5 11. Qb3 Nxg3 12. Nxg3 Qc7 13. Rc1 h5 14. Nf5 O-O-O 15. Nb5 Qa5+ 16. Ke2 Kb8 17. Nbd6 Nb6 18. Rc5 Qa4 19. Qc3 Bxf5 20. Ra5 Bxd3+ 21.
Kxd3 Qxa5 22. Qxa5 Bxd6 23. h3 f5 24. Rc1 f4 25. b4 fxe3 26. fxe3 Rhe8 27. b5 Nc4 28. Rxc4 dxc4+ 29. Kxc4 Bc7 30. Qd2 cxb5+ 31. Kxb5 g4 32. hxg4 hxg4 33. Kc4 g3 34. d5 Re4+ 35. Kc3 Ba5+ 0-1

[Event "*** Titled Tuesday Blitz"]
[Site "Chess.com"]
[Date "2020.03.03"]
[Round "1"]
[White "Vusatiuk_Vladimir"]
[Black "mitrabhaa"]
[Result "0-1"]
[WhiteElo "2219"]
[BlackElo "2621"]
[TimeControl "180+1"]
[EndTime "9:04:45 PST"]
[Termination "mitrabhaa won by resignation"]

1. e4 c6 2. d4 d5 3. e5 Bf5 4. Nf3 e6 5. Be2 Ne7 6. O-O Ng6 7. Nbd2 Nf4 8. Nb3 Nxe2+ 9. Qxe2 Nd7 10. Be3 Be7 11.
a4 a5 12. c3 O-O 13. Ne1 Qb6 14. Qd1 Qa6 15. g4 Bg6 16. f4 f5 17. exf6 Nxf6 18.
h3 Ne4 19. Nd2 Bd6 20. Nxe4 Bxe4 21. Qd2 g5 22. Ng2 Rf7 23. fxg5 Bh2+ 24. Kxh2 Rxf1 25. Rxf1 Qxf1 26. Qf2 Rf8 27. Nf4 Qxf2+ 0-1

[Event "*** Titled Tuesday Blitz"]
[Site "Chess.com"]
[Date "2020.03.03"]
[Round "1"]
[White "Angry_Twin"]
[Black "Frolik67"]
[Result "1-0"]
[WhiteElo "2875"]
[BlackElo "2498"]
[TimeControl "180+1"]
[EndTime "9:04:48 PST"]
[Termination "Angry_Twin won by resignation"]

1. e4 e6 2. d4 d5 3. Nc3 Nf6 4. e5 Nfd7 5. f4 c5 6. Nf3 Nc6 7. Be3 Qb6 8. Na4 Qa5+ 9. c3 cxd4 10. b4 Nxb4 11. cxb4 Bxb4+ 12. Bd2 Bxd2+ 13. Nxd2 b5 14. Nb2 Nb6 15. a4 Nc4 16. axb5 Qc3 17. Nxc4 dxc4 18.
Bxc4 Bb7 19. O-O O-O 20. Rf2 Rfc8 21. Bf1 Bd5 22. Nf3 1-0

[Event "*** Titled Tuesday Blitz"]
[Site "Chess.com"]
[Date "2020.03.03"]
[Round "1"]
[White "Kotofeyca"]
[Black "Blackmind96"]
[Result "1/2-1/2"]
[WhiteElo "2370"]
[BlackElo "2709"]
[TimeControl "180+1"]
[EndTime "9:04:54 PST"]
[Termination "Game drawn by repetition"]

1. d4 Nf6 2. c4 d6 3. Nc3 e5 4. Nf3 Nbd7 5. e4 Be7 6. g3 O-O 7. Bg2 c6 8. O-O a6 9. h3 Re8 10. d5 Bf8 11. Be3 cxd5 12. cxd5 b5 13. Nd2 Bb7 14. b4 Rc8 15. Qb3 Nb6 16. Rfc1 Nfd7 17.
a4 bxa4 18. Nxa4 Rxc1+ 19. Rxc1 g6 20. Bf1 f5 21. Nxb6 Nxb6 22. Nc4 Nxc4 23. Qxc4 fxe4 24. Qxe4 Qd7 25. Bg2 Rc8 26. Rxc8 Qxc8 27. Qg4 Qxg4 28. hxg4 Kf7 29. Be4 Bc8 30. f3 Bd7 31. Kf2 Bb5 32. Bb6 Be7 33. Ke3 Ke8 34. f4 Bf6 35. f5 g5 36. Bd3 Kd7 37. Bxb5+ axb5 38. Ke4 Be7 39.
Be3 Bf6 40. Bd2 Ke7 41. Be3 Kd7 42. Bd2 Kc7 43. Be3 Kb7 44. Bd2 Kc8 45. Be3 Kd7 1/2-1/2

[Event "*** Titled Tuesday Blitz"]
[Site "Chess.com"]
[Date "2020.03.03"]
[Round "1"]
[White "DishonorOnYourCow"]
[Black "MartinCerveny"]
[Result "1-0"]
[WhiteElo "2256"]
[BlackElo "2612"]
[TimeControl "180+1"]
[EndTime "9:04:59 PST"]
[Termination "DishonorOnYourCow won by resignation"]

1. d4 d5 2. c4 c6 3. Nf3 Nf6 4. e3 Bf5 5. Nc3 e6 6. Nh4 Bg4 7. Qb3 b6 8. cxd5 exd5 9. Be2 Bxe2 10. Nxe2 Ne4 11. Nf3 Nd7 12. O-O Bd6 13. h3 O-O 14.
Nc3 f5 15. Qc2 Qe7 16. Ne2 Rac8 17. Bd2 Rf6 18. Rac1 Rg6 19. Nf4 Bxf4 20. exf4 c5 21. dxc5 bxc5 22. Qd3 Rd6 23. Ng5 h6 24. Nxe4 fxe4 25. Qb3 Kh8 26. Rfd1 c4 27. Qa3 Qe6 28.
Be3 Ra6 29. Qb4 Rb8 30. Qd2 Nf6 31. Bd4 Rxa2 32. Bxf6 Qxf6 33. Qxd5 Rbxb2 34. Rxc4 Rxf2 35. Rc8+ Kh7 36. Qxe4+ Qg6 37. Rh8+ Kxh8 38. Qxg6 Rfd2 39. Rxd2 Rxd2 40. Qe8+ Kh7 41. Qe4+ Kh8 42. Qa8+ Kh7 43. Qxa7 Rd6 1-0

[Event "*** Titled Tuesday Blitz"]
[Site "Chess.com"]
[Date "2020.03.03"]
[Round "1"]
[White "pouya21"]
[Black "VALPARAISO37"]
[Result "1-0"]
[WhiteElo "2728"]
[BlackElo "2377"]
[TimeControl "180+1"]
[EndTime "9:05:12 PST"]
[Termination "pouya21 won by checkmate"]

1. e4 e5 2. Nf3 Nc6 3. Bb5 g6 4.
d4 exd4 5. c3 dxc3 6. Nxc3 h6 7.
Bf4 a6 8. Bxc6 bxc6 9. Be5 Rh7 10. O-O Rb8 11. Qc2 d6 12. Bg3 Bg7 13. Rad1 Bd7 14. e5 d5 15. Na4 Ne7 16. Nd4 Rb4 17. Nc5 Bc8 18. b3 h5 19. Bh4 Bxe5 20. Nxc6 Nxc6 21. Bxd8 Kxd8 22. Rxd5+ Bd6 23. Ne4 Nd4 24. Qd2 a5 25. Nxd6 Nf3+ 26. gxf3 cxd6 27. Rxd6+ Ke7 28. Re1+ Be6 29.
Rexe6+ fxe6 30. Rd7+ Kf6 31. Rxh7 h4 32. Qxb4 h3 33.
Rh4 Kg5 34. Qf4# 1-0

[Event "*** Titled Tuesday Blitz"]
[Site "Chess.com"]
[Date "2020.03.03"]
[Round "1"]
[White "Komissarov_alex"]
[Black "Willychess95"]
[Result "0-1"]
[WhiteElo "1767"]
[BlackElo "2555"]
[TimeControl "180+1"]
[EndTime "9:05:14 PST"]
[Termination "Willychess95 won on time"]

1. d4 Nf6 2. Nf3 e6 3. e3 c5 4. Nbd2 b6 5. Bd3 Bb7 6. O-O Be7 7. c3 O-O 8. Re1 d5 9. Ne5 Nc6 10. f4 Nd7 11. Rf1 f5 12. Ndf3 Ncxe5 13. Nxe5 Nxe5 14.
fxe5 Bc6 15. Bd2 Be8 16. g4 g6 17. gxf5 gxf5 18. Kh1 Kh8 19. Rg1 Bg6 20. Qf3 Rg8 21. Rg2 c4 22. Bc2 Qe8 23. Rag1 Qf7 24. Qh3 Rg7 0-1

[Event "*** Titled Tuesday Blitz"]
[Site "Chess.com"]
[Date "2020.03.03"]
[Round "1"]
[White "freshfoodcompany"]
[Black "Artem_Sadovsky"]
[Result "0-1"]
[WhiteElo "1931"]
[BlackElo "2563"]
[TimeControl "180+1"]
[EndTime "9:05:18 PST"]
[Termination "Artem_Sadovsky won by resignation"]

1. d4 g6 2. c4 Bg7 3. Nc3 d6 4. e4 e5 5. d5 f5 6. exf5 gxf5 7. Qh5+ Kf8 8. Qd1 Nf6 9. Be2 Qe8 10. Nf3 Na6 11.
O-O Nc5 12. Be3 Nce4 13. Nxe4 Nxe4 14. Nd2 Nxd2 15. Bxd2 h5 16. Qc2 h4 17. h3 f4 18. Bf3 Qf7 19. Rfe1 Bf6 20. Bc3 Rg8 21. Kh2 Bd7 22. Qe2 Qg6 23. Rg1 Bf5 24. Rae1 Qh6 25. Be4 Bd7 26. b4 Rg3 27. fxg3 hxg3+ 28. Kh1 Bxh3 0-1

[Event "*** Titled Tuesday Blitz"]
[Site "Chess.com"]
[Date "2020.03.03"]
[Round "1"]
[White "aa175"]
[Black "BeanScreen"]
[Result "0-1"]
[WhiteElo "2263"]
[BlackElo "2657"]
[TimeControl "180+1"]
[EndTime "9:05:23 PST"]
[Termination "BeanScreen won by resignation"]

1. d4 d5 2. Nf3 Nf6 3. Bf4 c5 4.
e3 Nc6 5. Nbd2 e6 6. c3 Bd6 7. Bg3 Bxg3 8. hxg3 Qd6 9. Bb5 Bd7 10. Bxc6 bxc6 11. Ne5 Rb8 12. Qc2 g6 13. Ndf3 Ne4 14. O-O-O cxd4 15. exd4 O-O 16. Rh6 f6 17. Nd3 Rf7 18.
Rdh1 Be8 19. Nf4 Rc7 20. Nh4 g5 21. Nh5 Bxh5 22. Rxh5 gxh4 23. R1xh4 Rbb7 24. Rg4+ Rg7 25.
Rgh4 c5 26. dxc5 Qxc5 27. f3 Qg1+ 28. Qd1 Qxd1+ 29. Kxd1 Nxg3 30. Rh6 Nf5 0-1

[Event "*** Titled Tuesday Blitz"]
[Site "Chess.com"]
[Date "2020.03.03"]
[Round "1"]
[White "Chessy222222"]
[Black "DamianoLew95"]
[Result "0-1"]
[WhiteElo "2196"]
[BlackElo "2606"]
[TimeControl "180+1"]
[EndTime "9:05:23 PST"]
[Termination "DamianoLew95 won by resignation"]

1. e4 c5 2. Nf3 d6 3. d4 cxd4 4. Qxd4 Nf6 5. Nc3 a6 6. Bg5 Nc6 7. Qd2 e6 8. Be2 Be7 9. O-O h6 10. Bh4 g5 11. Bg3 Nh5 12. Rad1 Nxg3 13. hxg3 b5 14. a3 Bb7 15. Rfe1 Qc7 16. Bf1 Ne5 17. Nxe5 dxe5 18. Qe2 h5 19. Rd2 h4 20. gxh4 Rxh4 21. g3 Rh8 22. Bg2 Bc6 23. Red1 Rd8 24. Rxd8+ Bxd8 25.
Qe3 Be7 26. Qd2 Qd7 27. Qxd7+ Bxd7 28. Rd3 Bc6 29. Nb1 f6 30. Nd2 Kf7 31. c4 b4 32.
axb4 Bxb4 33. b3 Rb8 34. Nf1 Bc5 35. Ne3 a5 36. Kf1 a4 37. bxa4 Bxa4 38. Ke2 Rb1 39. Bh3 Ke7 40. Rd2 Bb3 41. Bg4 Bd4 42. Nc2 Bxc4+ 0-1

[Event "*** Titled Tuesday Blitz"]
[Site "Chess.com"]
[Date "2020.03.03"]
[Round "1"]
[White "ChessWarrior7197"]
[Black "tbalabayev"]
[Result "1-0"]
[WhiteElo "2860"]
[BlackElo "2477"]
[TimeControl "180+1"]
[EndTime "9:05:29 PST"]
[Termination "ChessWarrior7197 won by resignation"]

1. e4 c5 2. Nf3 Nc6 3. Bb5 g6 4. Bxc6 dxc6 5. d3 Bg7 6. Nc3 Nf6 7. h3 Nd7 8. O-O e5 9. Be3 Qe7 10. Qd2 Nf8 11. Bh6 Bxh6 12. Qxh6 f6 13. Ne2 Ne6 14.
Nh2 Bd7 15. f4 exf4 16. Nxf4 Nxf4 17. Qxf4 O-O 18. Nf3 Rae8 19. a4 a5 20. b3 Kg7 21.
Rae1 Bc8 22. Nd2 f5 23. exf5 Qxe1 24. Rxe1 Rxe1+ 25. Kh2 Bxf5 26. Nf3 Re2 27. Ng5 h6 28. Qc7+ Kf6 29. Nh7+ 1-0

[Event "*** Titled Tuesday Blitz"]
[Site "Chess.com"]
[Date "2020.03.03"]
[Round "1"]
[White "AlexTruskavetsky"]
[Black "alishersuleymenov"]
[Result "0-1"]
[WhiteElo "2404"]
[BlackElo "2764"]
[TimeControl "180+1"]
[EndTime "9:05:31 PST"]
[Termination "alishersuleymenov won on time"]

1. c4 Nf6 2. g3 g6 3. Bg2 Bg7 4. Nc3 O-O 5. Nf3 d6 6. d4 Nc6 7. O-O Bd7 8. Bg5 h6 9. Bf4 Ng4 10. h3 e5 11. dxe5 dxe5 12. Bc1 Nf6 13. Be3 Be6 14.
Bc5 Re8 15. Nd2 Nd7 16. Ba3 f5 17. e4 f4 18. Nf3 Bxc4 19. Re1 Bf7 20. Qc2 fxg3 21.
fxg3 Nd4 22. Rad1 Nxc2 0-1

[Event "*** Titled Tuesday Blitz"]
[Site "Chess.com"]
[Date "2020.03.03"]
[Round "1"]
[White "letsgoband"]
[Black "TigrVShlyape"]
[Result "0-1"]
[WhiteElo "2484"]
[BlackElo "2868"]
[TimeControl "180+1"]
[EndTime "9:05:41 PST"]
[Termination "TigrVShlyape won by resignation"]

1. e4 b6 2. d4 Bb7 3. Bd3 g6 4. Ne2 Bg7 5. h4 h6 6. c3 e6 7. Bf4 d6 8. Nd2 Nd7 9. Ng3 Ngf6 10. Qe2 a6 11. f3 e5 12. Be3 h5 13. d5 c6 14. Nc4 Qc7 15. dxc6 Bxc6 16. O-O-O b5 17.
Nd2 O-O 18. Kb1 Nc5 19. Bc2 a5 20. Nb3 Ne6 21. Qd2 Rfd8 22. Bh6 Bh8 23. Nf5 a4 24. Nc1 a3 25. Bb3 axb2 26. Kxb2 d5 27. exd5 Bxd5 28. Qc2 gxf5 29. Qxf5 Bxb3 30. axb3 b4 31. c4 e4 32. Kc2 Qc5 33. Rd5 Rxd5 0-1

[Event "*** Titled Tuesday Blitz"]
[Site "Chess.com"]
[Date "2020.03.03"]
[Round "1"]
[White "ajian"]
[Black "yoolund"]
[Result "1/2-1/2"]
[WhiteElo "2270"]
[BlackElo "2643"]
[TimeControl "180+1"]
[EndTime "9:05:43 PST"]
[Termination "Game drawn by agreement"]

1. d4 Nf6 2. c4 g6 3. Nc3 Bg7 4. e4 d6 5. Nf3 O-O 6. Be2 Nbd7 7. Be3 e5 8. d5 Ng4 9. Bg5 f6 10. Bh4 h5 11. Nd2 Nh6 12. f3 a5 13. O-O Nc5 14. Bf2 b6 15. b3 f5 16. a3 g5 17. b4 Nd7 18. Nb3 axb4 19. axb4 Rxa1 20. Qxa1 g4 21. c5 h4 22. Qe1 g3 23. hxg3 hxg3 24. Bxg3 bxc5 25. bxc5 Nxc5 26. Nxc5 dxc5 27. Bf2 fxe4 28. Nxe4 1/2-1/2

[Event "*** Titled Tuesday Blitz"]
[Site "Chess.com"]
[Date "2020.03.03"]
[Round "1"]
[White "AleksanderHnydiuk"]
[Black "Eliclax"]
[Result "1-0"]
[WhiteElo "2555"]
[BlackElo "1882"]
[TimeControl "180+1"]
[EndTime "9:05:48 PST"]
[Termination "AleksanderHnydiuk won by resignation"]

1. Nf3 d5 2. d4 e6 3. c4 Bb4+ 4. Bd2 Bxd2+ 5. Nbxd2 Nf6 6. g3 O-O 7. Bg2 b6 8. cxd5 exd5 9. O-O c5 10. Rc1 c4 11. Ne5 b5 12. b3 Ba6 13. bxc4 bxc4 14. Ndxc4 Bxc4 15. Nxc4 Nbd7 16. Ne3 Nb6 17. a4 Rc8 18.
Rxc8 Nxc8 19. Qb3 Ne7 20. Rc1 Qd7 21. Qb5 Rd8 22. Qxd7 Rxd7 23. Rc5 h6 24. g4 Kh7 25. h4 Kg6 26. f4 Ne4 27. Rxd5 Nxd5 28. Bxe4+ Kf6 29.
Nxd5+ Ke6 30. Bf5+ Kxd5 31. Bxd7 Kxd4 32. Kf2 Ke4 33.
e3 a5 34. Bc6+ Kd3 35. Bd5 Kc3 36. Bxf7 1-0

[Event "*** Titled Tuesday Blitz"]
[Site "Chess.com"]
[Date "2020.03.03"]
[Round "1"]
[White "severomorskij"]
[Black "Omk124"]
[Result "1-0"]
[WhiteElo "2804"]
[BlackElo "2438"]
[TimeControl "180+1"]
[EndTime "9:05:49 PST"]
[Termination "severomorskij won by resignation"]

1. d4 Nf6 2. c4 g6 3. Nc3 Bg7 4. e4 O-O 5. Bd3 d6 6. Nge2 e5 7. d5 Nbd7 8. O-O Ne8 9. Be3 f5 10. exf5 gxf5 11. f4 e4 12. Bc2 Nef6 13. Bd4 Qe7 14.
Qd2 Rf7 15. Kh1 Nf8 16. Rae1 Ng6 17. Ba4 Bd7 18. Bxd7 Qxd7 19. Nd1 Re8 20. Ne3 Ng4 21. Nxg4 fxg4 22. Bxg7 Rxg7 23. Nd4 Rf7 24. Ne6 Nf8 25. f5 Kh8 26. Qd4+ Kg8 27. Qxe4 Nxe6 28. dxe6 1-0

[Event "*** Titled Tuesday Blitz"]
[Site "Chess.com"]
[Date "2020.03.03"]
[Round "1"]
[White "Arystanner"]
[Black "elohunter1999"]
[Result "1/2-1/2"]
[WhiteElo "2747"]
[BlackElo "2411"]
[TimeControl "180+1"]
[EndTime "9:05:50 PST"]
[Termination "Game drawn by repetition"]

1. e4 c5 2. Nf3 Nc6 3. Bb5 g6 4. O-O Bg7 5. c3 Nf6 6. e5 Nd5 7. d4 cxd4 8. cxd4 O-O 9. Nc3 Nxc3 10. bxc3 d6 11. Re1 Bg4 12. h3 Bxf3 13. Qxf3 dxe5 14. Bxc6 bxc6 15. dxe5 Qd5 16. Ba3 Qxf3 17. gxf3 Rfe8 18. Rab1 e6 19. Rb7 Rab8 20. Reb1 Rxb7 21. Rxb7 Bxe5 22. Rxa7 Bxc3 23. Bc5 e5 24. a4 Bd4 25. Bxd4 exd4 26. Rc7 Re1+ 27. Kg2 Ra1 28. Rxc6 Rxa4 29. f4 Ra3 30.
Rd6 d3 31. h4 h5 32. f5 gxf5 33. Kf3 Ra4 34. Kg3 Rg4+ 35. Kh3 Rf4 36. Kg3 Rg4+ 37. Kh3 Rf4 38. Kg3 Rg4+ 1/2-1/2

[Event "*** Titled Tuesday Blitz"]
[Site "Chess.com"]
[Date "2020.03.03"]
[Round "1"]
[White "JakubPulpan"]
[Black "Region_07"]
[Result "1-0"]
[WhiteElo "2768"]
[BlackElo "2410"]
[TimeControl "180+1"]
[EndTime "9:05:53 PST"]
[Termination "JakubPulpan won by resignation"]

1. e4 Nc6 2. Bb5 Nd4 3. Bc4 e5 4. Nf3 Nxf3+ 5. Qxf3 Qf6 6. Qb3 Bc5 7. O-O Ne7 8. d3 O-O 9. Be3 Bb6 10. Nc3 d6 11. Rae1 Be6 12. Nd5 Nxd5 13. Bxd5 Bxd5 14. Qxd5 c6 15.
Qb3 Qd8 16. f4 Bxe3+ 17. Rxe3 Qb6 18. Qxb6 axb6 19. a3 exf4 20. Rxf4 Rae8 21. Kf2 Re5 22. Ref3 f6 23. g4 Rfe8 24. h4 h6 25. Kg3 d5 26.
exd5 Rxd5 27. Rf5 Rxf5 28. Rxf5 Re2 29. Rf2 Re3+ 30. Kf4 Re1 31. a4 Kf7 32. b3 Ke6 33.
g5 hxg5+ 34. hxg5 Rg1 35. Re2+ Kf7 36. gxf6 gxf6 37. Rh2 Kg7 38. Kf5 Rg5+ 39. Ke6 Rd5 40. Rg2+ Rg5 41. Rf2 Rd5 42. Rxf6 b5 43. Rf7+ Kg6 44.
Rxb7 bxa4 45. bxa4 Ra5 46. Rb4 c5 47. Rc4 Ra6+ 48.
Kd5 1-0

[Event "*** Titled Tuesday Blitz"]
[Site "Chess.com"]
[Date "2020.03.03"]
[Round "1"]
[White "MaxLeto"]
[Black "GM_shahin"]
[Result "0-1"]
[WhiteElo "2412"]
[BlackElo "2768"]
[TimeControl "180+1"]
[EndTime "9:05:54 PST"]
[Termination "GM_shahin won by resignation"]

1. g4 d5 2. g5 e5 3. h4 h6 4. d3 hxg5 5. Bxg5 Be7 6. Bxe7 Qxe7 7. h5 Nf6 8. e3 g6 9. h6 Qf8 10. Nc3 Rxh6 11. Rxh6 Qxh6 12. Qf3 Qg5 13. Nge2 Be6 14.
O-O-O Nbd7 15. Bh3 Bxh3 16. Qxh3 O-O-O 17. Rg1 Qh5 18. Qxh5 gxh5 19. f4 c6 20. fxe5 Nxe5 21. Rg5 Neg4 22.
Nf4 Rh8 23. Kd2 h4 24. Nh3 Kd7 25. Ne2 Re8 26. e4 dxe4 27. d4 e3+ 28. Kd3 Nf2+ 29. Nxf2 exf2 30. Rf5 Ng4 31. Rf4 Re7 32. Nc3 Re1 33.
Rxf7+ Ke6 0-1

[Event "*** Titled Tuesday Blitz"]
[Site "Chess.com"]
[Date "2020.03.03"]
[Round "1"]
[White "viktorko131"]
[Black "burbur555"]
[Result "0-1"]
[WhiteElo "2130"]
[BlackElo "2595"]
[TimeControl "180+1"]
[EndTime "9:05:54 PST"]
[Termination "burbur555 won on time"]

1. e4 c6 2. d4 d5 3. exd5 cxd5 4. c4 Nf6 5. Nc3 g6 6. cxd5 Bg7 7. Nge2 Nxd5 8. Nxd5 Qxd5 9. Be3 O-O 10. Nc3 Qa5 11. Bc4 Nc6 12. O-O Qb4 13. Qe2 Bg4 14. Qxg4 Qxc4 15. Rfd1 e6 16. Rac1 Rad8 17. Qe2 Qxe2 18.
Nxe2 Rd7 19. Rd2 Bf6 20. Rcd1 Rfd8 21. f3 Nb4 22. a3 Nd5 23. Kf2 Rc8 24. Nf4 Nxf4 25.
Bxf4 Rd5 26. Ke3 g5 27. Bg3 Kg7 28. Bf2 Kg6 29. Ke2 h5 30. Kd3 Rc7 31. Ke4 Rcd7 32. Be3 Bg7 33. f4 g4 0-1

[Event "*** Titled Tuesday Blitz"]
[Site "Chess.com"]
[Date "2020.03.03"]
[Round "1"]
[White "lasayon"]
[Black "Funkmaus"]
[Result "1-0"]
[WhiteElo "2622"]
[BlackElo "2222"]
[TimeControl "180+1"]
[EndTime "9:05:58 PST"]
[Termination "lasayon won by resignation"]

1. Nf3 c6 2. c4 d5 3. e3 Nf6 4. Nc3 Bf5 5. cxd5 cxd5 6. Qb3 e6 7. Qxb7 Nbd7 8. d4 Be7 9. Be2 O-O 10. Qb3 Rb8 11.
Qd1 Ne4 12. O-O Nxc3 13. bxc3 Qc7 14. Qa4 Nb6 15. Qa5 Bd6 16. Ba3 Be4 17. Bxd6 Qxd6 18. Nd2 Bg6 19. c4 dxc4 20. Bxc4 Rfc8 21. Bb3 h5 22. Rac1 h4 23. h3 Bf5 24. Qxa7 Rxc1 25.
Rxc1 Ra8 26. Qb7 Rd8 27. Rc6 Qb4 28. Qxb6 Qxd2 29. Qxd8+ 1-0

[Event "*** Titled Tuesday Blitz"]
[Site "Chess.com"]
[Date "2020.03.03"]
[Round "1"]
[White "ChainsOfFantasia"]
[Black "iturrizaga"]
[Result "0-1"]
[WhiteElo "2527"]
[BlackElo "2975"]
[TimeControl "180+1"]
[EndTime "9:06:02 PST"]
[Termination "iturrizaga won by resignation"]

1. d4 Nf6 2. Nf3 e6 3. c4 b6 4.
a3 Bb7 5. Nc3 g6 6. d5 Bg7 7. e4 O-O 8. Bd3 Na6 9. O-O Nc5 10.
Bc2 d6 11. b4 Ncxe4 12. Bxe4 Nxe4 13. Nxe4 exd5 14. cxd5 Bxa1 15. Bg5 f6 16. Bh6 Re8 17. Neg5 fxg5 18. Qxa1 Qe7 19. Re1 Qf7 20. Nxg5 Rxe1+ 21.
Qxe1 Re8 22. Qa1 Qf6 23. Qd1 Qd4 24. Qc1 Qb2 25. Qd1 Qe2 26. Qxe2 Rxe2 27. Kf1 Ra2 28. Ne6 Bxd5 29. Nxc7 Bc4+ 30. Ke1 Re2+ 31. Kd1 Re7 32. Na8 Re8 33. Nc7 Rc8 0-1